 Dungeon Crawl Stone Soup version 0.32-a0-891-gc41d80381e (webtiles) character file.

Game seed: 15592854607548168097

42 IndexError the Conjurer (level 3, -2/16 HPs)
             Began as a Felid Conjurer on Apr 3, 2024.
             Slain by a goblin
             ... wielding a +0 dagger
             ... led by Robin
              (6 damage)
             ... on level 2 of the Dungeon.
             The game lasted 00:02:58 (1240 turns).

IndexError the Conjurer (Felid Conjurer)            Turns: 1240, Time: 00:02:59

Health: -2/16      AC:  1    Str:  3    XL:     3   Next: 35%
Magic:  1/7        EV: 16    Int: 23    God:
Gold:   122        SH:  0    Dex: 14    Spells: 4/7 levels left
                                        Lives:  0   Deaths: 1

rFire   . . .        (weapon unavailable)
rCold   . . .        (shield unavailable)
rNeg    . . .        (body armour unavailable)
rPois   .            (helmet unavailable)
rElec   .            (cloak unavailable)
rCorr   .            (gloves unavailable)
SInv    +            (boots unavailable)
Will    +....        (no amulet)
Stlth   ++           b - ring of willpower
HPRegen 0.22/turn    (no ring)
MPRegen 0.10/turn

%: no passive effects
@: no status effects
A: very small, claws 1, fangs 3, see invisible, shaggy fur 1, stealthy paws, no
weapons or thrown items, no armour, multi-lived
a: no special abilities


You were on level 2 of the Dungeon.
You visited 1 branch of the dungeon, and saw 2 of its levels.

You collected 122 gold pieces.

Inventory:

Jewellery
 b - a ring of willpower (left paw)
   (You found it on level 1 of the Dungeon)
 c - a ring of poison resistance {rPois, !d}
   (You took it off a kobold on level 1 of the Dungeon)
Scrolls
 d - a scroll of fear {unknown}
 j - a scroll of enchant weapon {unknown}
Potions
 a - a potion of magic
 e - a potion of haste {unknown}
 f - a potion of mutation {unknown}
 g - a potion of brilliance {unknown}
 h - a potion of curing {unknown}
 i - a potion of berserk rage {unknown}


   Skills:
 - Level 2.6 Dodging
 - Level 2.6 Stealth
 + Level 2.6 Spellcasting
 * Level 4.4 Conjurations


You had 4 spell levels left.
You knew the following spells:

 Your Spells              Type           Power      Damage    Failure   Level
a - Magic Dart            Conj           92%        1d7       1%          1
b - Searing Ray           Conj           46%        2d6       3%          2

Your spell library contained the following spells:

 Spells                   Type           Power      Damage    Failure   Level
 Ensorcelled Hibernation  Hex/Ice        4%         N/A       19%         2
 Passwall                 Erth           2%         N/A       36%         3
 Swiftness                Air            2%         N/A       36%         3
 Fulminant Prism          Conj/Alch      6%         3d7       43%         4
 Iskenderun's Mystic Bla Conj/Tloc 13%            2d5        (+2d2     43%         4


Dungeon Overview and Level Annotations

Branches:
Dungeon (2/15)

Altars:


Innate Abilities, Weirdness & Mutations

You have sharp claws.
You have razor-sharp teeth.
You have supernaturally acute eyesight. (SInv)
You are covered in fur. (AC +1)
Your paws help you pounce on unaware monsters.
You are incapable of wielding weapons or throwing items.
You cannot wear armour.
You gain extra lives every three experience levels.


Message History

Found a stone staircase leading down.
MP restored: 7
Found an escape hatch in the floor.
A rat comes into view.
The rat moves out of view.
A rat is nearby!
The magic dart hits the rat.
You now have 6/7 mp.
You can't see any susceptible monsters within range! (Use Z to cast anyway.)
You now have 113 gold pieces (gained 8).
You now have 122 gold pieces (gained 9).
A hobgoblin comes into view.
The hobgoblin moves out of view.
MP restored: 7 A hobgoblin is nearby!
The magic dart hits the hobgoblin but does no damage.
You now have 6/7 mp.
The magic dart hits the hobgoblin but does no damage.
You now have 5/7 mp.
The magic dart hits the hobgoblin.
You now have 4/7 mp.
The magic dart hits the hobgoblin.
You now have 3/7 mp.
You can't see any susceptible monsters within range! (Use Z to cast anyway.)
An endoplasm comes into view.
MP restored: 7 An endoplasm is nearby!
The magic dart hits the endoplasm.
The endoplasm quivers.
You now have 6/7 mp.
The magic dart hits the endoplasm.
You now have 5/7 mp.
You can't see any susceptible monsters within range! (Use Z to cast anyway.) Robin of the Strong Arm comes into view.
They are wielding a +0 short sword.
A goblin comes into view. It is wielding a +0 dagger.
MP restored: 7 The magic dart hits Robin.
Robin shouts!
The goblin shouts!
You hear a shout!
Robin roars a battlecry!
The goblin goes into a battle-frenzy!
You now have 6/7 mp.
Casting: Magic Dart (safe; 1% risk of failure)
Confirm with . or Enter, or press ? or * to list all spells.
You don't know that spell.
You miscast Magic Dart.
You are very lightly contaminated with residual magic.
Nothing appears to happen.
You now have 5/7 mp.
Casting: Magic Dart (safe; 1% risk of failure)
Confirm with . or Enter, or press ? or * to list all spells.
Aiming: Searing Ray (safe; 3% risk of failure)
Press: ? - help, Shift-Dir - straight line, f/p - Robin
Aim: Robin, wielding a +0 short sword, wearing a +0 leather armour and wearing a +0 helmet (lightly wounded, 84% to hit)
The searing ray hits Robin. (Press . to maintain the ray.)
You now have 3/7 mp.
The searing ray hits Robin.
You now have 2/7 mp.
The searing ray hits Robin.
Robin laughs in a distinctly smug fashion.
A goblin comes into view. It is wielding a +0 dagger. x2
You now have 1/7 mp.
The searing ray hits Robin.
You finish channelling your searing ray.
Robin roars a battlecry!
The goblin goes into a battle-frenzy!
The goblin shouts!
You hear a shout! x2
You now have 0/7 mp.
Robin throws the goblin at you! The goblin misses you.
You take 2 damage, and have 14/16 hp.
Casting: Searing Ray (safe; 3% risk of failure)
Confirm with . or Enter, or press ? or * to list all spells.
Okay, then.
You barely miss Robin. Robin closely misses you.
The goblin hits you with a +0 dagger.
A goblin comes into view. It is wielding a +0 dagger. x2
Your magical contamination has completely faded away.
You take 2 damage, and have 12/16 hp.
The goblin shouts!
You scratch Robin but do no damage.
You hear a shout! x2
Robin completely misses you. The goblin misses you.
You scratch Robin. Robin hits you with a +0 short sword.
The goblin closely misses you.
You take 4 damage, and have 8/16 hp.
MASSIVE DAMAGE!!
You barely miss Robin. Robin throws the goblin at you!
The goblin closely misses you. The goblin hits you with a +0 dagger.
* * * LOW HITPOINT WARNING * * *
You take 5 damage, and have 3/16 hp.
MASSIVE DAMAGE!!
You scratch Robin but do no damage. Your bite misses Robin.
The goblin misses you. The goblin closely misses you.
A quokka comes into view.
You scratch Robin. The goblin hits you with a +0 dagger.
You die...

........# ........#
........# ........#
........# ........#
......gg# ...?...@#
#######)## #g.# ......
.# ##g## #.....†.... )#
#######g.####..........
.#
#...........#..........
.#
#.......>r.g#..........
.##
#......................
..
#...................†..


You could see a quokka and 5 goblins.

Vanquished Creatures
  Robin (D:2)
  A gnoll (D:1)
  A dart slug (D:1)
  A ball python (D:1)
  3 endoplasms
  3 hobgoblins
  3 jackals (D:1)
  A bat (D:2)
  3 frilled lizards
  5 goblins
  5 kobolds
  4 rats
31 creatures vanquished.

Notes
Turn   | Place    | Note
-------+----------+-------------------------------------------
     0 | D:1      | IndexError the Felid Conjurer began the quest for the Orb.
     0 | D:1      | Reached XP level 1. HP: 9/9 MP: 4/4
   174 | D:1      | Reached XP level 2. HP: 13/13 MP: 0/6
   195 | D:1      | HP: 3/13 [jackal (3)]
   197 | D:1      | Slain by a jackal
   197 | D:1      | Lost a life (0 lives remaining)
   211 | D:1      | Reached skill level 4 in Conjurations
   792 | D:1      | HP: 3/13 [gnoll/+0 spear (7)]
   819 | D:1      | HP: 2/13 [gnoll/+0 spear (5)]
   821 | D:1      | Reached XP level 3. HP: 3/16 MP: 0/7
   824 | D:1      | Learned a level 2 spell: Searing Ray
  1225 | D:2      | Noticed Robin
  1238 | D:2      | HP: 3/16 [goblin/+0 dagger[Robin] (4)]
  1240 | D:2      | Killed Robin
  1240 | D:2      | Slain by a goblin

Illustrated notes

Levels and vault maps discovered:
D:1:      dpeg_arrival_tiny_c, layout_rooms, minmay_misc_feat_enclosed,
          minmay_misc_feat_plants, skrybe_limestone_x
D:2:      layout_basic, fountainhead, minmay_shallow_snake_nest, uniq_sigmund,
          uniq_robin

Skill      XL: |  1  2 |
---------------+-------+-----
Conjurations   | 4 |  4.4
Dodging        | |  2.6
Stealth        | |  2.6
Spellcasting   | |  2.6

Action                     || total
---------------------------++-------
  Melee: Unarmed           ||    12
   Cast: Magic Dart        ||    63
         Searing Ray       ||     2
 Armour: Skin              ||    18
  Dodge: Dodged            ||    31

Table legend: (Time is in decaauts)
 A = Elapsed time spent in this place.
 B = Non-inter-level travel time spent in this place.
 C = Inter-level travel time spent in this place.
 D = Time resting spent in this place.
 E = Time spent auto-exploring this place.
 F = Levels seen in this place.
 G = Mean time per level.
                   A        B        C        D        E       F      G
               +--------+--------+--------+--------+--------+-----+--------+
         Total |   1240 |   1196 |     44 |      0 |    980 |   2 |  620.0 |
       Dungeon |   1240 |   1196 |     44 |      0 |    980 |   2 |  620.0 |
               +--------+--------+--------+--------+--------+-----+--------+

Top non-repeatable levels by time:
     D:1: 994 daAuts
     D:2: 246 daAuts

Levels and vault maps discovered:
D:1:      dpeg_arrival_tiny_c, layout_rooms, minmay_misc_feat_enclosed,
          minmay_misc_feat_plants, skrybe_limestone_x
D:2:      layout_basic, fountainhead, minmay_shallow_snake_nest, uniq_sigmund,
          uniq_robin

Table legend: (Time is in decaauts)
 A = Elapsed time spent in this place.
 B = Non-inter-level travel time spent in this place.
 C = Inter-level travel time spent in this place.
 D = Time resting spent in this place.
 E = Time spent auto-exploring this place.
 F = Levels seen in this place.
 G = Mean time per level.
                   A        B        C        D        E       F      G
               +--------+--------+--------+--------+--------+-----+--------+
         Total |   1240 |   1196 |     44 |      0 |    980 |   2 |  620.0 |
       Dungeon |   1240 |   1196 |     44 |      0 |    980 |   2 |  620.0 |
               +--------+--------+--------+--------+--------+-----+--------+

Top non-repeatable levels by time:
     D:1: 994 daAuts
     D:2: 246 daAuts

Table legend:
 A = Kills in this place as a percentage of kills in the entire game.
 B = Kills by you in this place as a percentage of kills by you in the entire game.
 C = Kills by friends in this place as a percentage of kills by friends in the entire game.
 D = Other kills in this place as a percentage of other kills in the entire game.
 E = Experience gained in this place as a percentage of experience gained in the entire game.
 F = Experience gained in this place divided by the number of levels of this place that you have seen.
                   A       B       C       D       E      F
               +-------+-------+-------+-------+-------+----------------------
         Total | 100.0 | 100.0 |   N/A |   N/A | 100.0 |  38.5
       Dungeon | 100.0 | 100.0 |   N/A |   N/A | 100.0 |  38.5
               +-------+-------+-------+-------+-------+----------------------
